 Dungeon Crawl Stone Soup version 0.25-a0-41-g6cf4ce537d (webtiles) character file.

Game seed: 15975051392600163905, levelgen mode: deterministic

60 Alarkh the Skirmisher (level 3, -14/29 HPs)
             Began as a Demonspawn Fighter on Oct 21, 2019.
             Blown up by Ijyb (24 damage)
             ... with a disintegration bolt
             ... on level 3 of the Dungeon.
             The game lasted 00:00:41 (1053 turns).

Alarkh the Skirmisher (Demonspawn Fighter)          Turns: 1053, Time: 00:00:41

Health: -14/29     AC:  6    Str: 16    XL:     3   Next: 82%
Magic:  3/3        EV:  7    Int: 10    God:
Gold:   66         SH:  9    Dex: 12    Spells: 2/2 levels left

rFire    + . .     SeeInvis .   a - +0 long sword
rCold    . . .     Gourm    .   c - +0 shield
rNeg     . . .     Faith    .   b - +0 scale mail
rPois    .         Spirit   .   (no helmet)
rElec    .         Reflect  .   (no cloak)
rCorr    .         Harm     .   (no gloves)
MR       .....                  (no boots)
Stlth    +.........             m - amulet of the acrobat
HPRegen  0.09/turn              n - ring of protection from fire
MPRegen  0.08/turn              (no ring)

@: no status effects
A: nightstalker 1
a: no special abilities


You were on level 3 of the Dungeon.
You were not hungry.

You visited 1 branch of the dungeon, and saw 3 of its levels.

You collected 66 gold pieces.

Inventory:

Hand Weapons
 a - a +0 long sword (weapon)
Armour
 b - a +0 scale mail (worn)
 c - a +0 shield (worn)
Jewellery
 m - an amulet of the acrobat (around neck)
 n - a ring of protection from fire (left hand)
Scrolls
 g - a scroll of noise {unknown}
 h - a scroll of identify {unknown}
 i - 2 scrolls of teleportation {unknown}
 j - a scroll of random uselessness {unknown}
 k - a scroll of blinking {unknown}
 l - 2 scrolls of remove curse {unknown}
 p - a scroll of amnesia {unknown}
 r - a scroll of magic mapping {unknown}
 s - a scroll of fog {unknown}
Potions
 d - a potion of might
 e - 2 potions of curing
 o - a potion of magic {unknown}
 q - a potion of agility {unknown}
Comestibles
 f - 6 rations
 t - a chunk of flesh


   Skills:
 + Level 3.3 Fighting
 + Level 2.5 Long Blades
 + Level 3.0 Armour
 + Level 0.3 Dodging
 + Level 3.2 Shields


You had 2 spell levels left.
You didn't know any spells.
Your spell library was empty.

Dungeon Overview and Level Annotations

Branches:
Dungeon (3/15)

Altars:
Sif Muna

Annotations:
D:3 Ijyb


Innate Abilities, Weirdness & Mutations

You are slightly more attuned to the shadows.


Message History

the human skeleton of Terence Eating one of 2 chunks of flesh.
You eat one of the 2 chunks of flesh.
This raw flesh tastes terrible.
A goblin comes into view. It is wielding a +0 club.
The goblin shouts!
Ijyb the Twisted Goblin comes into view.
She is carrying a wand of disintegration (8).
There are monsters nearby!
There are monsters nearby!
You slash the goblin!
You kill the goblin!
Ijyb is nearby!
Things that are here:
a +0 club; a goblin corpse Ijyb is nearby!
You closely miss Ijyb.
Ijyb zaps a wand.
You are blasted!
Ouch! That really hurt!
* * * LOW HITPOINT WARNING * * *
You feel better.
Ijyb zaps a wand.
You are blasted!
Ouch! That really hurt!
You die...

##.## #.....#######..###...
#...#########)###.# #..#
#### ..#...........# #.#
#..# ###
#...#########.###.#######..#
#.. ##.## #<.........>...#
#.# ...# ####.#########.#
#.. ...# #.# #.# ### ...(
#.# #.# ##. #@# #.# #g# #.#
#.. #.# .... ..... .......
........


You could see Ijyb.

Vanquished Creatures
  Terence (D:3)
  2 leopard geckos (D:1)
  A ball python (D:1)
  6 goblins
  A hobgoblin (D:1)
  4 jackals (D:3)
  4 bats
  A frilled lizard (D:1)
  7 kobolds (D:1)
  2 rats (D:1)
29 creatures vanquished.

Notes
Turn   | Place    | Note
-------+----------+-------------------------------------------
     0 | D:1      | Alarkh the Demonspawn Fighter began the quest for the Orb.
     0 | D:1      | Reached XP level 1. HP: 18/18 MP: 1/1
    91 | D:1      | Gained mutation: You are slightly more attuned to the
                  | shadows. [demonic ancestry]
    91 | D:1      | Reached XP level 2. HP: 24/24 MP: 2/2
   801 | D:2      | Reached XP level 3. HP: 29/29 MP: 3/3
   965 | D:3      | Found a shimmering blue altar of Sif Muna.
  1027 | D:3      | Noticed Terence
  1035 | D:3      | Killed Terence
  1048 | D:3      | Noticed Ijyb
  1053 | D:3      | Blown up by Ijyb

Levels and vault maps discovered:
D:1:      dpeg_arrival_lava_altar, layout_loops_cross
D:2:      layout_rooms, chequers_temple_overflow_minitemple
D:3:      layout_loops_ring, lemuel_doored_altar,
          nicolae_overflow_hidden_temple, uniq_terence, uniq_ijyb

Skill      XL: |  1  2  3 |
---------------+----------+-----
Shields        | 3 |  3.2
Long Blades    | 2 |  2.5
Armour         | 3 |  3.0
Fighting       | |  3.3
Dodging        | |  0.3

Action                   || total
-------------------------++-------
Melee: Long sword        ||   114
  Use: Potion            ||     1
  Eat: Chunk             ||     1
Armor: Scale mail        ||    64
Dodge: Dodged            ||    32
Block: Shield            ||    70
       Rpst.: Long sword ||    10

Table legend:
 A = Non-vault XP
 B = Vault XP
 C = Vault XP percentage of total XP
 D = Non-vault monster count
 E = Vault monster count
 F = Vault count percentage of total count
                 A         B        C        D         E       F
            +---------+---------+-------+---------+---------+-------
      Total |      51 |      36 |  41.4 |      28 |       1 |   3.4
            +---------+---------+-------+---------+---------+-------
        D:1 |      39 |       0 |   0.0 |      22 |       0 |   0.0
        D:2 |       2 |       0 |   0.0 |       1 |       0 |   0.0
        D:3 |      10 |      36 |  78.3 |       5 |       1 |  16.7
            +---------+---------+-------+---------+---------+-------
